 Dungeon Crawl Stone Soup version 0.24-a0-520-g8fd06ad0bc (webtiles) character file.

Game seed: 15217168975127476168

4595 CoolPlay the Blocker (level 10, 45/91 HPs)
             Began as a Minotaur Conjurer on July 27, 2019.
             Was a Believer of Yredelemnul.
             Quit the game on level 1 of the Lair of Beasts.
             The game lasted 00:24:44 (8402 turns).

CoolPlay the Blocker (Minotaur Conjurer)            Turns: 8402, Time: 00:24:45

Health: 45/91      AC: 11    Str: 15    XL:     10   Next: 19%
Magic:  12/12      EV: 10    Int: 12    God:    Yredelemnul [**....]
Gold:   492        SH: 11    Dex: 12    Spells: 10/11 levels left

rFire    + + .     SeeInvis .   E - +3 quick blade
rCold    . . .     Gourm    .   e - +0 shield
rNeg     . . .     Faith    .   h - +0 ring mail
rPois    +         Spirit   .   (helmet restricted)
rElec    +         Reflect  .   j - +2 cloak {MR+}
rCorr    +         Harm     .   q - +0 pair of gloves
MR       +....                  v - +1 pair of boots
Stlth    +.........             y - amulet of rage
HPRegen  0.25/turn              A - ring of poison resistance
MPRegen  0.13/turn              G - ring of fire

@: resistant
A: retaliatory headbutt, horns 2
a: Animate Remains, Recall Undead Slaves, Injury Mirror, Renounce Religion,
Evoke Berserk Rage


You were on level 1 of the Lair of Beasts.
You worshipped Yredelemnul.
Yredelemnul was pleased with you.
You were hungry.

You visited 2 branches of the dungeon, and saw 9 of its levels.

You collected 492 gold pieces.

Inventory:

Hand Weapons
 a - a +1 short sword of draining
 b - a +0 hunting sling
 x - a +0 dagger of holy wrath
 z - a +1 hand axe of venom
 E - a +3 quick blade (weapon)
 H - a +3 longbow of freezing
 I - the +8 arc blade {discharge, rElec}
   (You acquired it on level 7 of the Dungeon)

   It insulates you from electricity.
Missiles
 i - 3 throwing nets
 l - 224 stones (quivered)
 o - 38 sling bullets
Armour
 e - a +0 shield (worn)
 g - a +0 chain mail
 h - a +0 ring mail (worn)
 j - a +2 cloak of magic resistance (worn)
 q - a +0 pair of gloves (worn)
 v - a +1 pair of boots (worn)
 D - a +1 leather armour of cold resistance
Jewellery
 y - an amulet of rage (around neck)
 A - a ring of poison resistance (left hand)
 G - a ring of fire (right hand)
Wands
 w - a wand of polymorph (3)
 F - a wand of random effects (18)
Scrolls
 d - 4 scrolls of teleportation
 f - 6 scrolls of remove curse
 k - 2 scrolls of fog
 m - 2 scrolls of amnesia
 t - a scroll of fear
 J - a scroll of identify
Potions
 n - a potion of heal wounds {unknown}
 p - a potion of curing
 s - a potion of flight
 B - a potion of brilliance {unknown}
 C - a potion of haste {unknown}
Comestibles
 c - 12 rations


   Skills:
 + Level 9.0 Fighting
 + Level 7.2 Short Blades
 - Level 4.0 Slings
 - Level 2.1 Dodging
 - Level 1.5 Stealth
 * Level 10.3 Shields
 - Level 1.3 Spellcasting
 - Level 2.9 Conjurations
 - Level 5.2 Invocations


You had 10 spell levels left.
You knew the following spells:

 Your Spells              Type           Power        Failure   Level  Hunger
a - Magic Dart            Conj           #...         32%         1    ##.....

Your spell library contained the following spells:

 Spells                   Type           Power        Failure   Level  Hunger
 Searing Ray              Conj           #.....       43%         2    ###....
 Beastly Appendage        Tmut           #.....       71%         1    ##.....
 Sticks to Snakes         Tmut           #.......     85%         2    ###....
 Dazzling Spray           Conj/Hex       #.....       86%         3    ####...
 Spider Form              Tmut/Pois      #.........   97%         3    ####...
 Iskenderun's Mystic Bla  Conj           #.......     97%         4    #####..
 Force Lance              Conj/Tloc      #.......     99%         4    #####..
 Fulminant Prism          Conj/Hex       #.........   99%         4    #####..
 Ice Form                 Ice/Tmut       #.......     100%        4    #####..
 Blade Hands              Tmut           #.........   100%        5    ######.


Dungeon Overview and Level Annotations

Branches:
Dungeon (8/15)             Temple (0/1) D:4            Lair (1/6) D:8

Altars:
Ashenzari
Fedhas
Gozag
Makhleb
Uskayaw
Yredelemnul


Innate Abilities, Weirdness & Mutations

You reflexively headbutt those who attack you in melee.
You have a pair of horns on your head.


Message History

Harold is struck by the porcupine's spines.
Harold hits the porcupine with a +0 hand axe.
There is a staircase to the Lair here.
You barely miss the porcupine. You headbutt the porcupine.
The bullfrog hits the plant.
You miss the porcupine.
The porcupine bites you but does no damage.
You hit the porcupine.
The bullfrog hits the plant.
You puncture the porcupine!
You kill the porcupine!
Yredelemnul accepts your kill.
The bullfrog hits the plant but does no damage.
The bullfrog hits the plant but does no damage.
You climb downwards.
Welcome to the Lair of Beasts!
Your mindless thrall stays behind.
You hear a distant snort.
Hark!
There is a gateway to a gauntlet on this level.
Find the entrance quickly before the gate is sealed!
Found a ration and a scroll labeled SIESOY EFFO.
Found a stone staircase leading down.
There is a staircase back to the Dungeon here.

#######P#.###
#.........?.#
#........>..#
#...........#
#...........#
##........%..#
#............+
#..@......#
##.######## ##


There were no monsters in sight!

Vanquished Creatures
  Harold (D:8)
  Joseph (D:7)
  A hornet (D:7)
  2 yaks (D:8)
  Eustachio (D:4)
  3 hogs (D:7)
  A hungry ghost (D:8)
  A water moccasin (D:7)
  2 porcupines (D:8)
  An ice beast (D:7)
  2 orc warriors (D:6)
  A sky beast (D:7)
  A black bear (D:8)
  3 phantoms
  2 centaurs (D:5)
  A crocodile (D:8)
  A bullfrog (D:8)
  A water moccasin zombie (D:6)
  A water moccasin skeleton (D:8)
  A howler monkey (D:5)
  A centaur zombie (D:5)
  3 orc priests
  2 jellies
  6 orc wizards
  A centaur skeleton (D:4)
  3 iguanas
  Natasha (D:3)
  2 worker ants (D:4)
  2 worker ant zombies
  4 gnolls
  5 adders
  2 shadow imps
  An ooze (D:2)
  A worm (D:5)
  A dart slug (D:2)
  A leopard gecko (D:2)
  12 orcs
  2 giant cockroaches
  6 hobgoblins
  3 kobolds
  5 quokkas
  4 bats (D:2)
  5 frilled lizards
  9 goblins
  A quokka zombie (D:5)
  5 rats
  A plant (D:8)
117 creatures vanquished.

Vanquished Creatures (collateral kills)
  A hornet (D:8)
  A human (D:7)
  A hog (D:7)
  A centaur (D:7)
  An iguana (D:7)
  An ooze (D:6)
  An adder skeleton (D:7)
  5 orcs (D:7)
  3 fungi (D:8)
15 creatures vanquished.

Vanquished Creatures (others)
  A hornet zombie (D:7)
  A water moccasin skeleton (D:7)
  A human skeleton (D:7)
  An iguana zombie (D:7)
  An adder zombie (D:6)
  10 fungi (D:8)
  2 plants (D:8)
17 creatures vanquished.

Grand Total: 149 creatures vanquished

Notes
Turn   | Place    | Note
-------+----------+-------------------------------------------
     0 | D:1      | CoolPlay the Minotaur Conjurer began the quest for the Orb.
     0 | D:1      | Reached XP level 1. HP: 14/14 MP: 1/1
   358 | D:1      | Reached skill level 1 in Fighting
   513 | D:1      | Reached skill level 1 in Short Blades
   606 | D:1      | Reached XP level 2. HP: 23/23 MP: 0/3
  1484 | D:2      | Reached XP level 3. HP: 29/29 MP: 1/4
  2373 | D:3      | Found a basalt altar of Yredelemnul.
  2437 | D:3      | Became a worshipper of Yredelemnul the Dark
  2508 | D:3      | Noticed Natasha
  2514 | D:3      | Killed Natasha
  2514 | D:3      | Reached skill level 1 in Slings
  2532 | D:3      | Reached XP level 4. HP: 37/37 MP: 5/5
  2744 | D:4      | Found a burning altar of Makhleb.
  2770 | D:4      | Found a staircase to the Ecumenical Temple.
  2912 | D:4      | Reached skill level 1 in Invocations
  2972 | D:4      | Found a shattered altar of Ashenzari.
  3041 | D:4      | Noticed Eustachio
  3379 | D:4      | Killed Eustachio
  3379 | D:4      | Reached XP level 5. HP: 27/46 MP: 6/6
  3526 | D:4      | Found an opulent altar of Gozag.
  3655 | D:4      | Reached XP level 6. HP: 42/52 MP: 7/7
  3875 | D:5      | Entered Level 5 of the Dungeon
  3991 | D:5      | Found a blossoming altar of Fedhas.
  4483 | D:5      | Reached skill level 5 in Fighting
  4483 | D:5      | Reached XP level 7. HP: 56/61 MP: 8/8
  4739 | D:5      | Reached * piety under Yredelemnul
  4739 | D:5      | Reached skill level 1 in Shields
  4894 | D:5      | Reached skill level 2 in Shields
  5902 | D:6      | Reached skill level 3 in Shields
  6769 | D:6      | Reached XP level 8. HP: 63/70 MP: 10/10
  6803 | D:6      | Reached skill level 4 in Shields
  6966 | D:7      | Noticed Joseph
  6991 | D:7      | Killed Joseph
  6991 | D:7      | Reached skill level 5 in Shields
  7074 | D:7      | Noticed a hornet
  7081 | D:7      | Killed a hornet
  7081 | D:7      | Reached ** piety under Yredelemnul
  7081 | D:7      | Reached skill level 6 in Shields
  7081 | D:7      | Reached skill level 5 in Invocations
  7143 | D:7      | Reached skill level 5 in Short Blades
  7323 | D:6      | Reached XP level 9. HP: 79/79 MP: 11/11
  7418 | D:7      | Reached skill level 7 in Shields
  7542 | D:7      | Found a hide-covered altar of Uskayaw.
  7811 | D:7      | Identified 4 scrolls of acquirement
  7838 | D:7      | Your ally Joseph died
  7850 | D:7      | Reached skill level 8 in Shields
  7980 | D:7      | Found the +8 arc blade {discharge, rElec}
  8020 | D:8      | Noticed Harold
  8044 | D:8      | Killed Harold
  8044 | D:8      | Reached skill level 9 in Shields
  8276 | D:8      | Found a staircase to the Lair.
  8315 | D:8      | Reached XP level 10. HP: 90/90 MP: 12/12
  8355 | D:8      | Reached skill level 10 in Shields
  8401 | Lair:1   | Entered Level 1 of the Lair of Beasts
  8402 | Lair:1   | Quit the game

Levels and vault maps discovered:
D:1:      minmay_arrival_up_and_down, layout_basic, minmay_tree_intersection
D:2:      layout_loops_ring, fountainhead, kennysheep_generic_room_11
D:3:      layout_basic, yredelemnul_altar_generic, uniq_natasha
D:4:      layout_basic, bloody_makhleb, nicolae_gozag_seed_capital,
          minmay_temple_entry_large_hall, cheibrodos_ashenzari_chains,
          uniq_eustachio
D:5:      layout_gridville, first_ration, minmay_misc_feat_cross,
          minmay_misc_feat_four_crosses, fedhas_bush_and_centaur_altar
D:6:      layout_basic
D:7:      layout_loops_cross, nicolae_overflow_crystal_walls, grunt_livestock,
          nrook_uturn, uniq_joseph
D:8:      layout_rooms, lemuel_coloured_pillars_altar,
          due_lair_maze_entry_diamond, uniq_harold, uniq_prince_ribbit1
Lair:1:   layout_roguey, gauntlet_entry_generic, basic_altar, minivault_19,
          serial_bayou_shore_a, grunt_megastairs_3

Skill      XL: |  1  2  3  4  5  6  7  8  9 10 |
---------------+-------------------------------+-----
Fighting       | 1 2 3 5 7 8 9 |  9.0
Short Blades   | 1 2 3 5 6 7 |  7.2
Slings         | 1 3 4 |  4.0
Invocations    | 2 3 4 5 |  5.2
Shields        | 3 6 9 10 | 10.3
Dodging        | |  2.1
Stealth        | |  1.5
Spellcasting   | |  1.3
Conjurations   | |  2.9

Action                   |  1- 3 |  4- 6 |  7- 9 | 10-12 || total
-------------------------+-------+-------+-------+-------++-------
Melee: Dagger            |    62 |       |       |       ||    62
       Headbutt          |     4 |       |    41 |     2 ||    47
       Short sword       |       |       |   191 |       ||   191
       Quick blade       |       |       |    53 |    78 ||   131
       Rapier            |       |       |     8 |       ||     8
 Fire: Hunting sling     |    17 |   228 |   124 |       ||   369
 Cast: Magic Dart        |    54 |       |       |       ||    54
Invok: Animate Remains   |       |       |    12 |       ||    12
       Injury Mirror     |       |       |     1 |     1 ||     2
 Abil: Evoke Berserk Rag |       |       |     4 |       ||     4
  Use: Scroll            |     6 |       |     9 |       ||    15
       Potion            |     2 |     2 |     6 |     1 ||    11
 Stab: Distracted        |       |       |     1 |       ||     1
  Eat: Chunk             |     7 |     6 |     5 |       ||    18
       Ration            |       |       |     4 |       ||     4
Armor: Ring mail         |    11 |    53 |    51 |     1 ||   116
       Leather armour    |     4 |       |       |       ||     4
       Skin              |       |     9 |     4 |    40 ||    53
Dodge: Dodged            |    34 |    74 |    77 |     4 ||   189
Block: Shield            |       |       |    93 |    30 ||   123

Table legend:
 A = Non-vault XP
 B = Vault XP
 C = Vault XP percentage of total XP
 D = Non-vault monster count
 E = Vault monster count
 F = Vault count percentage of total count
                 A         B        C        D         E       F
            +---------+---------+-------+---------+---------+-------
      Total |    2982 |    3583 |  54.6 |     109 |      19 |  14.8
            +---------+---------+-------+---------+---------+-------
        D:1 |      14 |       0 |   0.0 |      10 |       0 |   0.0
        D:2 |      39 |       3 |   7.1 |      18 |       2 |  10.0
        D:3 |      10 |      35 |  77.8 |       6 |       1 |  14.3
        D:4 |     168 |     191 |  53.2 |      12 |       1 |   7.7
        D:5 |     518 |     110 |  17.5 |      23 |       1 |   4.2
        D:6 |     707 |       0 |   0.0 |      16 |       0 |   0.0
        D:7 |     950 |    1274 |  57.3 |      19 |       6 |  24.0
        D:8 |     576 |    1970 |  77.4 |       5 |       8 |  61.5
            +---------+---------+-------+---------+---------+-------
